 Dungeon Crawl Stone Soup version 0.31.0-11-ge490571c62 (webtiles) character file.

Game seed: 13720130571209858540

2598988 Khashishi the Conqueror (level 27, 323/323 HPs)
             Began as an Oni Brigand on Jan 30, 2024.
             Was the Champion of Okawaru.
             Escaped with the Orb
             ... and 3 runes
             ... and 6 gems on Feb 2, 2024!
             The game lasted 06:58:21 (49894 turns).

Khashishi the Conqueror (Oni Brigand)              Turns: 49894, Time: 06:58:22

Health: 323/323    AC: 41    Str: 28    XL:     27
Magic:  32/32      EV: 11    Int: 14    God:    Okawaru [******]
Gold:   2571       SH: 14    Dex: 13    Spells: 18/34 levels left

rFire   + + .        a - +9 demon whip (flame)
rCold   + . .        f - +0 kite shield "Toeti" {rF+ rN+ Regen+ Slay+6}
rNeg    + + .        W - +11 gold dragon scales "Dasur" {rElec rPois rF+ rC+ Str-4 Stlth+}
rPois   +            z - +2 hat
rElec   +            O - +1 cloak of Starlight {*Dazzle EV+4 Stlth--}
rCorr   +            (gloves unavailable)
SInv    +            (boots unavailable)
Will    +++++        d - amulet of the Four Winds {rN+ Will+++ Clar} Stlth
                     U - ring of resist corrosion
HPRegen 1.53/turn    C - ring of see invisible
MPRegen 0.23/turn

%: clarity
@: hasted, studying Fighting, very quick
A: large, unfitting armour, horns 1, tough skin 1, double potion healing,
drunken brawling, iridescent scales 1, agile 1, berserk 1, strong-willed 1,
electricity resistance, strong 1
0: Orb of Zot
}: 3/15 runes: decaying, serpentine, silver
a: Renounce Religion, Heroism, Finesse, Duel


You escaped.
You worshipped Okawaru.
Okawaru was exalted by your worship.
You visited 10 branches of the dungeon, and saw 48 of its levels.
You visited 1 bazaar.
You also visited: Ossuary, Gauntlet and Volcano.

You collected 9745 gold pieces.
You spent 7174 gold pieces at shops.

Inventory:

Hand Weapons
 a - a +9 demon whip of flaming (weapon)
Missiles
 b - 2 boomerangs
 D - a throwing net
 E - 26 javelins
 J - 62 large rocks (quivered)
 R - 12 silver javelins
 Z - 5 datura-tipped darts
Armour
 f - the +0 kite shield "Toeti" (worn) {rF+ rN+ Regen+ Slay+6}
   (You acquired it on level 3 of the Swamp)

   Slay+6:    It affects your accuracy & damage with ranged weapons and melee
   (+6).
   rF+:       It protects you from fire.
   rN+:       It protects you from negative energy.
   Regen+:    It increases your rate of health regeneration.
 z - a +2 hat (worn)
 O - the +1 cloak of Starlight (worn) {*Dazzle EV+4 Stlth--}
   (You bought it in a shop on level 3 of the Elven Halls)

   *Dazzle:   It may blind those who miss an attack against the wearer in melee
   combat.
   EV+4:      It affects your evasion (+4).
   Stlth--:   It makes you much less stealthy.
 S - a +2 cloak of fire resistance
 W - the +11 gold dragon scales "Dasur" (worn) {rElec rPois rF+ rC+ Str-4 Stlth+}
   (You bought it in a shop on level 3 of the Elven Halls)

   Str-4:     It affects your strength (-4).
   rF+:       It protects you from fire.
   rC+:       It protects you from cold.
   rElec:     It insulates you from electricity.
   rPois:     It protects you from poison Stlth+: It makes you more stealthy.
Jewellery
 d - the amulet of the Four Winds (around neck) {rN+ Will+++ Clar}
   (You bought it in a shop on level 5 of the Vaults)

   [amulet of nothing]

   rN+:       It protects you from negative energy.
   Will+++:   It greatly increases your willpower.
   Clar:      It protects you from confusion, rage, mesmerisation and fear.
 i - the ring "Ulelyn" {Fly Dex+3 Stlth+}
   (You found it in a Gauntlet)

   [ring of flight]

   Dex+3:     It affects your dexterity (+3).
   Fly:       It grants you flight.
   Stlth+:    It makes you more stealthy.
 A - a ring of protection from cold
 C - a ring of see invisible (right hand)
 K - the ring of the Heavens {AC+4 Str+3}
   (You found it on level 2 of the Realm of Zot)

   [ring of protection]

   AC+4:      It affects your AC (+4).
   Str+3:     It affects your strength (+3).
 L - the ring "Xypsin" {*Corrode rElec rN+ Dex+6}
   (You found it on level 2 of the Depths)

   [ring of dexterity]

   Dex+6:     It affects your dexterity (+6).
   rElec:     It insulates you from electricity.
   rN+:       It protects you from negative energy.
   *Corrode:  It may corrode you when you take damage.
 M - a ring of willpower
 P - the ring of Modewuodd {rPois Dex+2}
   (You found it on level 2 of the Realm of Zot)

   [ring of poison resistance]

   Dex+2:     It affects your dexterity (+2).
   rPois:     It protects you from poison
 U - a ring of resist corrosion (left hand)
Wands
 e - a wand of roots (33)
 n - a wand of acid (51)
 N - a wand of digging (8)
Scrolls
 g - 24 scrolls of teleportation
 j - 3 scrolls of immolation
 m - 7 scrolls of vulnerability
 p - 6 scrolls of fear
 q - 3 scrolls of fog
 s - 2 scrolls of silence
 w - 6 scrolls of revelation
 y - 6 scrolls of enchant armour
 I - 10 scrolls of blinking
 V - 3 scrolls of amnesia
Potions
 c - 4 potions of might
 k - 14 potions of lignification
 l - 9 potions of heal wounds
 r - 5 potions of ambrosia
 t - 6 potions of cancellation
 u - 15 potions of brilliance
 v - 11 potions of attraction
 x - 24 potions of curing
 F - 5 potions of resistance
 G - 5 potions of enlightenment
 H - 3 potions of mutation
 Q - 10 potions of haste
 T - 2 potions of berserk rage
 X - 3 potions of invisibility
 Y - 3 potions of magic
Miscellaneous
 h - a tin of tremorstones (2/2)
 o - a lightning rod (4/4)


   Skills:
 O Level 27 Fighting
 - Level 1.7 Short Blades
 + Level 22.7(23.0) Maces & Flails
 - Level 5.6(16.0) Staves
 + Level 22.1 Throwing
 + Level 19.3 Armour
 - Level 7.5 Dodging
 - Level 4.0 Stealth
 + Level 17.2 Shields
 - Level 4.0 Spellcasting
 - Level 10.1 Translocations
 - Level 6.1 Air Magic
 - Level 12.0 Invocations


You had 18 spell levels left.
You knew the following spells:

 Your Spells              Type           Power      Damage    Failure   Level
a - Apportation           Tloc           62%        N/A       4%          1
b - Blink                 Tloc           62%        N/A       8%          2
c - Vhi's Electric Charg  Tloc/Air       50%        N/A       75%         4
d - Manifold Assault      Tloc           31%        N/A       43%         4
e - Swiftness             Air            19%        N/A       61%         3
B - Lesser Beckoning      Tloc           62%        N/A       8%          2

Your spell library contained the following spells:

 Spells                   Type           Power      Damage    Failure   Level
 Gell's Gravitas          Tloc           31%        N/A       14%         3
 Teleport Other           Tloc           31%        N/A       14%         3
 Momentum Strike          Conj/Tloc      34%        3d8       52%         2
 Shock                    Conj/Air       44%        1d5       67%         1
 Volatile Blastmotes      Fire/Tloc      34%        2d12      75%         3
 Mercury Vapours          Alch/Air       22%        N/A       80%         2
 Static Discharge         Conj/Air       22%        3-4/arc   80%         2
 Cigotuvi's Dreadful Rot  Necr/Alch/Air  16%        N/A       91%         2
 Airstrike                Air            9%         2d(2-18)  95%         4
 Foxfire                  Conj/Fire      8%         2x1d4     97%         1
 Kiss of Death            Conj/Necr      8%         2d6       97%         1
 Magic Dart               Conj           8%         1d3       97%         1
 Necrotise                Necr           8%         1d4       97%         1
 Sandblast                Erth           4%         2d4       97%         1
 Sting                    Conj/Alch      8%         1d3       97%         1
 Iskenderun's Mystic Bla  Conj/Tloc      17%        2d5       98%         4
 Ensorcelled Hibernation  Hex/Ice        4%         N/A       99%         2
 Jinxbite                 Hex            4%         N/A       99%         2
 Scorch                   Fire           4%         2d5       99%         2
 Searing Ray              Conj           4%         2d4       99%         2
 Mephitic Cloud           Conj/Alch/Air  8%         N/A       99%         3
 Confusing Touch          Hex            2%         N/A       100%        3
 Dazzling Flash           Conj/Hex       4%         N/A       100%        3
 Fugue of the Fallen      Necr           2%         N/A       100%        3
 Inner Flame              Hex/Fire       2%         N/A       100%        3
 Ozocubu's Armour         Ice            2%         N/A       100%        3
 Passwall                 Erth           2%         N/A       100%        3
 Stone Arrow              Conj/Erth      4%         3d7       100%        3
 Anguish                  Hex/Necr       1%         N/A       100%        4
 Brom's Barrelling Bould  Conj/Erth      2%         2d3       100%        4
 Cause Fear               Hex            1%         N/A       100%        4
 Dispel Undead            Necr           2%         3d7       100%        4
 Flame Wave               Conj/Fire      2%         2d4       100%        4
 Fulminant Prism          Conj/Alch      1%         3d5       100%        4
 Ignite Poison            Fire/Alch      2%         N/A       100%        4
 Olgreb's Toxic Radiance  Alch           2%         N/A       100%        4
 Sticky Flame             Fire/Alch      2%         2d4       100%        4
 Alistair's Intoxication  Alch           1%         N/A       100%        5
 Arcjolt                  Conj/Air       5%         1d15      100%        5
 Fireball                 Conj/Fire      1%         3d3       100%        5
 Irradiate                Conj/Alch      1%         3d12      100%        5
 Metabolic Englaciation   Hex/Ice        1%         N/A       100%        5
 Yara's Violent Unravell  Hex/Alch       1%         3d3       100%        5
 Dispersal                Tloc           15%        N/A       100%        6
 Plasma Beam              Fire/Air       5%         2x1d16    100%        6
 Starburst                Conj/Fire      1%         6d3       100%        6
 Enfeeble                 Hex            1%         N/A       100%        7
 Disjunction              Tloc           15%        N/A       100%        8
 Ignition                 Fire           1%         3d3       100%        8
 Lehudib's Crystal Spear  Conj/Erth      1%         10d2      100%        8
 Maxwell's Capacitive Co  Air            9%         ∞         100%        8
 Summon Small Mammal      Summ           Unusable   N/A       N/A         1
 Call Imp                 Summ           Unusable   N/A       N/A         2
 Call Canine Familiar     Summ           Unusable   N/A       N/A         3
 Animate Armour           Summ/Erth      Unusable   N/A       N/A         4
 Animate Dead             Necr           Unusable   N/A       N/A         4
 Martyr's Knell           Necr/Summ      Unusable   N/A       N/A         4
 Summon Blazeheart Golem  Fire/Summ      Unusable   N/A       N/A         4
 Summon Lightning Spire   Summ/Air       Unusable   N/A       N/A         4
 Death Channel            Necr           Unusable   N/A       N/A         6
 Summon Cactus Giant      Summ           Unusable   N/A       N/A         6

Dungeon Overview and Level Annotations

Branches:
Dungeon (15/15)            Temple (1/1) D:4            Lair (5/5) D:11
  Swamp (4/4) Lair:3        Snake (4/4) Lair:3        Slime (0/5) Lair:4
    Orc (2/2) D:9             Elf (3/3) Orc:2        Vaults (5/5) D:14
  Crypt (0/3) Vaults:2     Depths (4/4) D:15            Zot (5/5) Depths:4
Ossuary (visited)         Volcano (visited)         Gauntlet (visited)

Altars:
Ashenzari
Cheibriados
Dithmenos
Elyvilon
Fedhas
Gozag
Hepliaklqana
Kikubaaqudgha
Makhleb
Nemelex Xobeh
Okawaru
Qazlal
Ru
Sif Muna
Trog
Uskayaw
Vehumet
Wu Jian
Xom
Yredelemnul
Zin
The Shining One
Jiyva

Shops:
D:1 =:*:   D:3 *   D:4 *   D:7 !!::(   D:9 *=   Orc:1 (   Orc:2 *[(*!   Elf:1 =
Elf:2 *[   Elf:3 ![*([   Snake:3 :((   Snake:4 :==   Vaults:1 :   Vaults:2 :
Vaults:3 (   Vaults:5 !?!===   Depths:2 !

Portals:
Hell: Depths:1 Depths:2 Depths:3 Depths:4
Abyss: Depths:1 Depths:2 Depths:3
Pandemonium: Depths:1 Depths:2 Depths:3 Depths:4
Ziggurat: Depths:2

Annotations:
Zot:5 3 runed translucent doors, Muataran's ghost, veteran MiMo


Innate Abilities, Weirdness & Mutations

You are too large for most types of armour.
You have a pair of small horns on your head.
You have tough skin. (AC +1)
You gain doubled healing and magic from potions.
Whenever you drink a healing potion, you attack all around you.
You are partially covered in iridescent scales. (AC +2)
You are agile. (Dex +4, Str/Int -1)
You sometimes lose your temper in combat.
You are strong-willed. (Will+)
You are resistant to electric shocks. (rElec)
Your muscles are strong. (Str +4, Int/Dex -1)


Message History

The large abomination is lightly damaged.
You whack the large abomination! You burn the large abomination.
The large abomination is moderately damaged.
You block the large abomination's attack.
You barely miss the large abomination.
The large abomination is moderately damaged.
You hit the large abomination but do no damage.
Your headbutt misses the large abomination.
The large abomination is moderately damaged.
The large abomination misses you.
You thrash the large abomination!! You burn the large abomination.
You headbutt the large abomination, but do no damage.
The large abomination is almost destroyed.
You whack the large abomination! You burn the large abomination.
You destroy the large abomination!
Okawaru accepts your kill.
You whack the large abomination! You burn the large abomination.
The large abomination is moderately damaged.
You thrash the large abomination!! You burn the large abomination!
You headbutt the large abomination!
You destroy the large abomination!
Okawaru accepts your kill.
J - 62 large rocks (gained 4)
You see here a +0 whip.
There is an open door here.
There is an open door here.
There is a broken gate here.
A red devil comes into view. It is wielding a +0 trident.
The red devil moves out of view.
A cacodemon, a sixfirhy and 2 orange demons come into view.
The orange demon screeches! x2
You feel yourself speed up.
The sixfirhy hits you but does no damage.
The sixfirhy misses you. You block the sixfirhy's attack.
There is a staircase leading out of the dungeon here.
The sixfirhy hits you but does no damage.
You block the sixfirhy's attack.
The sixfirhy hits you but does no damage.
You have escaped!

#.∩## #.# ##.# #.# #.#
### # ##'## ♣♣# #...##
#### ♣≈# .....## #..# ♣≈#
......## #..# ♣♣♣≈#
.......####..# ♣♣♣♣♣♣≈≈≈#
.......'.....# ♣@P..♣≈≈≈#
.......####..# ♣♣3..♣≈≈≈#
......## #..#♣♣.....≈≈≈#
.....## #..#.......~≈≈#
#...## ####P.....~~≈≈#
##'### #..3...≈≈≈≈# #...#
#P......~≈≈#
#'''#########♣.♣....~≈≈#
##...##.♣♣P.P♣......~~≈≈#


You could see a sixfirhy.

Vanquished Creatures
  3 ancient liches
  A juggernaut (Depths:2)
  Mennas (Depths:3)
  6 orbs of fire
  The ghost of Netemen the Gnoll Aeon, a master GnFi of Cheibriados (Zot:2)
  4 Killer Klowns
  Saint Roka (Vaults:5)
  2 caustic shrikes (Depths:2)
  2 curse toes
  9 golden dragons
  Norris (Depths:2)
  3 bone dragons
  Jorgrun (D:15)
  5 electric golems
  21 tentacled monstrosities
  Rupert (Lair:4)
  3 liches (Depths:2)
  6 sphinxes
  Mlioglotl (Arena)
  11 quicksilver dragons
  2 deep elf blademasters (Elf:3)
  2 deep elf master archers (Elf:3)
  4 acid blobs (Zot:3)
  3 titans
  2 Executioners
  13 death cobs
  28 Orb Guardians
  An ancient champion (Depths:4)
  Frances (D:12)
  The ghost of Hihelu the Executioner, an adept MiBe of Trog (Elf:2)
  A demonspawn warmonger (D:11)
  4 draconian monks
  19 shadow dragons
  6 tengu reavers
  11 storm dragons
  10 protean progenitors
  3 nagarajas (Snake:4)
  7 fire giants
  3 iron dragons
  9 frost giants
  4 ghost moths
  4 draconian knights
  11 deep elf sorcerers
  11 draconian scorchers
  10 draconian shifters
  2 balrugs
  2 deep elf elementalists (Elf:3)
  17 vault wardens
  An angel (Depths:1)
  2 orc warlords (Vaults:4)
  13 very ugly things
  3 draconian stormcallers
  A reaper (Zot:3)
  8 draconian annihilators
  A demonspawn blood saint (D:11)
  4 spriggan defenders
  21 ironbound preservers
  2 broodmothers (Zot:5)
  2 quicksilver oozes (Zot:2)
  12 stone giants
  A spectral Killer Klown (Zot:2)
  6 ironbound thunderhulks
  The ghost of Gypaemig the Carver, a journeyman VSCj of the Shining One (Snake:1)
  14 black draconians
  3 eleionomae
  A vampire knight (Depths:2)
  9 purple draconians
  8 deep elf demonologists
  12 green draconians
  4 deep elf death magi
  6 deep elf annihilators
  2 lorocyprocas
  2 bunyips (Swamp:3)
  11 white draconians
  4 dire elephants (Vaults:2)
  27 yellow draconians
  A minotaur (Gauntlet)
  16 red draconians
  2 war gargoyles
  5 spark wasps
  A crystal guardian (Vaults:3)
  An eidolon (Depths:4)
  A blizzard demon (Zot:2)
  5 deep elf high priests
  14 ettins
  A shambling mangrove (Swamp:4)
  5 fire dragons
  An entropy weaver (Vaults:3)
  Josephine (D:11)
  13 yaktaur captains
  9 great orbs of eyes
  A hell beast (Depths:4)
  A peacekeeper (Vaults:3)
  3 ice dragons
  33 vault guards
  2 spriggan air magi (Depths:4)
  5 ogre magi
  21 hydras
  8 salamander tyrants
  3 ghost crabs
  3 catoblepae
  9 anacondas
  6 ironbound frosthearts
  8 alligators
  9 boulder beetles
  33 dancing weapons
  2 spectral draconians (Zot:2)
  12 centaur warriors
  12 two-headed ogres
  16 naga warriors
  4 deep troll shamans
  A Killer Klown simulacrum (Zot:2)
  13 shock serpents
  A spriggan berserker (Depths:3)
  4 occultists
  7 death yaks
  A vampire mage (Depths:2)
  2 deep troll earth magi (Vaults:5)
  A spectral storm dragon (Zot:2)
  9 tengu warriors
  Urug (Orc:2)
  6 spriggans
  16 deep elf knights
  A sun demon (Depths:3)
  21 naga sharpshooters
  6 orc high priests
  21 hell knights
  2 iron trolls
  4 salamander mystics
  10 skysharks
  5 goliath frogs
  A shadow demon (Zot:3)
  A skyshark (shapeshifter) (Elf:1)
  2 obsidian statues
  31 deep trolls
  15 swamp dragons
  4 arcanists
  A storm dragon skeleton (Depths:3)
  4 spriggan druids
  A quicksilver dragon simulacrum (Depths:4)
  6 bog bodies
  8 lindwurms
  6 naga ritualists
  17 mana vipers
  Pikel (D:5)
  10 deep elf archers
  3 lindwurms (shapeshifter)
  16 ironbound convokers
  3 phantasmal warriors (Vaults:5)
  5 necromancers
  A sea snake (shapeshifter) (Vaults:5)
  The ghost of yey the Grasshopper, a novice GnWr (D:6)
  A shadow dragon zombie (Depths:3)
  6 orc sorcerers
  A wolf spider (D:15)
  18 orc knights
  18 deep elf zephyrmancers
  A tengu skeleton (Depths:3)
  2 oklob plants (Zot:3)
  A shining eye (Depths:2)
  14 deep elf pyromancers
  11 salamanders
  A faun (shapeshifter) (Elf:1)
  A manticore (shapeshifter) (D:14)
  8 elephants
  26 moths of wrath
  6 cyclopes
  21 ugly things
  5 will-o-the-wisps
  2 manticores
  A shining eye (shapeshifter) (Vaults:5)
  2 eyes of devastation
  6 meliai
  A meliai (shapeshifter) (Elf:1)
  6 guardian serpents
  15 vault sentinels
  A water nymph (shapeshifter) (Vaults:5)
  16 naga magi
  46 black mambas
  2 kobold blastminers (Orc:2)
  5 smoke demons
  2 torpor snails
  A storm dragon simulacrum (Zot:2)
  A torpor snail (shapeshifter) (Depths:2)
  21 cane toads
  6 large abominations
  7 rime drakes
  9 komodo dragons
  A hellion (Gauntlet)
  An ice devil (Depths:4)
  29 yaktaurs
  3 efreet
  A rime drake (shapeshifter) (Elf:1)
  2 tormentors
  2 freezing wraiths (Vaults:5)
  7 unseen horrors
  2 tengu conjurers
  A queen bee (shapeshifter) (D:10)
  3 merfolk (Zot:1)
  2 hellwings (Zot:3)
  9 trolls
  A polar bear (shapeshifter) (Elf:1)
  2 bloated husks (Swamp:2)
  A shadow dragon simulacrum (Depths:3)
  11 hornets
  9 tyrant leeches
  2 polar bears (Lair:4)
  21 blink frogs
  A dream sheep (shapeshifter) (Depths:2)
  6 glass eyes
  14 dream sheep (Lair:3)
  3 raiju (shapeshifter)
  A snapping turtle (shapeshifter) (Elf:1)
  A draconian simulacrum (Zot:2)
  35 slime creatures
  A slime creature (shapeshifter) (Vaults:5)
  An air elemental (Elf:3)
  A centaur simulacrum (D:15)
  2 vampires
  3 shadows
  A yak (shapeshifter) (D:15)
  A fire bat (shapeshifter) (Elf:3)
  33 yaks
  4 wyverns
  A golden eye (shapeshifter) (Elf:3)
  8 wraiths
  7 basilisks
  5 water elementals
  A fire elemental (Elf:2)
  3 fire bats (Volcano)
  3 wargs
  9 vampire mosquitoes
  Menkaure (D:5)
  3 steam dragons
  3 small abominations (Depths:3)
  2 chaos spawn (Depths:3)
  13 swamp worms
  2 acid dragons
  35 nagas
  An acid dragon (shapeshifter) (D:14)
  9 water moccasins
  A glowing shapeshifter zombie (Depths:3)
  12 hell hounds
  20 orc warriors
  3 black bears
  7 sky beasts
  10 swamp drakes
  2 glowing shapeshifter skeletons (Vaults:3)
  A laughing skull (D:10)
  6 ogres
  A boggart (D:11)
  5 wolves
  5 centaurs
  A lemure (D:5)
  A phantom (D:6)
  2 kobold brigands
  A weeping skull (Ossuary)
  A brain worm (shapeshifter) (Elf:1)
  2 gnoll sergeants
  13 bullfrogs
  A glowing shapeshifter simulacrum (Vaults:3)
  An earth elemental (Elf:3)
  2 water moccasin zombies (Ossuary)
  4 wights (D:8)
  6 electric eels
  4 howler monkeys
  29 jellies
  6 lava snakes
  A bombardier beetle (D:4)
  Crazy Yiuf (D:3)
  4 gnoll boudas
  14 orc priests
  10 hounds
  A spectral scorpion (Ossuary)
  A sleepcap (D:8)
  5 iguanas
  38 orc wizards
  A bullfrog simulacrum (Ossuary)
  3 mummies
  27 gnolls
  6 adders
  2 shadow imps
  2 white imps (D:6)
  An adder zombie (Ossuary)
  3 ribbon worms
  4 dart slugs
  67 orcs
  3 ball pythons
  8 endoplasms
  3 giant cockroaches
  14 gnoll zombies (Ossuary)
  5 goblins
  8 hobgoblins
  3 quokkas
  3 bats
  A frilled lizard (D:1)
  4 jackal zombies (Ossuary)
  8 kobolds
  2 orc zombies (Ossuary)
  7 rats
  A spectral goblin (D:1)
  2 aspiring fleshes (Zot:4)
2016 creatures vanquished.

Vanquished Creatures (collateral kills)
  An orb of fire (Zot:5)
  A golden dragon (Zot:5)
  A titan (Vaults:5)
  A shadow dragon (Vaults:5)
  A draconian shifter (Zot:5)
  A deep elf sorcerer (Vaults:5)
  A draconian stormcaller (Zot:1)
  A deep elf demonologist (Vaults:5)
  A white draconian (Zot:5)
  An ettin (Vaults:5)
  A yaktaur captain (Vaults:5)
  2 centaur warriors (Vaults:1)
  A hell knight (Depths:4)
  A deep troll (Depths:1)
  2 deep elf archers (Elf:1)
  2 necromancers (Depths:4)
  A deep elf pyromancer (Elf:1)
20 creatures vanquished.

Vanquished Creatures (others)
  An ancient lich (Zot:5)
  2 Orb Guardians (Zot:5)
  A draconian knight (Zot:5)
  A draconian scorcher (Zot:1)
  A deep elf demonologist (Elf:3)
  A vault guard (Vaults:5)
  A yaktaur captain (Vaults:2)
  2 centaur warriors (D:15)
  A hell knight (Depths:4)
  A deep elf knight (Elf:1)
  A deep elf archer (Elf:3)
  A deep troll (Depths:1)
  An ugly thing (D:15)
  A cyclops (D:15)
  An elephant (Lair:5)
  An air elemental (Elf:3)
  A water elemental (Elf:2)
  A basilisk (D:15)
  16 foxfires (Swamp:1)
36 creatures vanquished.

Grand Total: 2072 creatures vanquished

Notes
Turn   | Place    | Note
-------+----------+-------------------------------------------
     0 | D:1      | Khashishi the Oni Brigand began the quest for the Orb.
     0 | D:1      | Reached XP level 1. HP: 22/22 MP: 1/1
    66 | D:1      | Found Nasmuc's Book Boutique.
    85 | D:1      | Reached skill level 3 in Fighting
   140 | D:1      | Found a faded altar of an unknown god.
   186 | D:1      | Reached XP level 2. HP: 28/31 MP: 2/2
   187 | D:1      | Found Omuylez's Book Emporium.
   461 | D:1      | Found Kalliamp's Jewellery Shop.
   545 | D:1      | Reached XP level 3. HP: 27/39 MP: 3/3
   793 | D:1      | Found Lokk's General Store.
   800 | D:1      | Bought a potion of curing for 39 gold pieces
   815 | D:1      | Reached skill level 4 in Fighting
  1276 | D:2      | Reached XP level 4. HP: 41/49 MP: 4/4
  1549 | D:2      | Learned a level 1 spell: Sting
  2021 | D:3      | Found Hoamex's Assorted Antiques.
  2030 | D:3      | Bought a fuming golden potion for 24 gold pieces
  2030 | D:3      | Bought a fuming golden potion for 24 gold pieces
  2030 | D:3      | Bought a scroll labelled YRUMNI EWNIO for 27 gold pieces
  2075 | D:3      | Found a runed translucent door.
  2076 | D:3      | Noticed Crazy Yiuf
  2085 | D:3      | Killed Crazy Yiuf
  2086 | D:3      | Reached skill level 1 in Spellcasting
  2263 | D:3      | Reached XP level 5. HP: 55/55 MP: 6/6
  2318 | D:3      | Reached skill level 5 in Fighting
  2641 | D:4      | Reached skill level 1 in Staves
  2697 | D:4      | Found a staircase to the Ecumenical Temple.
  2703 | Temple   | Entered the Ecumenical Temple
  2716 | Temple   | Became a worshipper of Warmaster Okawaru
  2787 | D:4      | Reached XP level 6. HP: 66/66 MP: 8/8
  3153 | D:4      | Found Qaavuth's Assorted Antiques.
  3160 | D:4      | Bought a diamond ring for 130 gold pieces
  3161 | D:4      | Bought a scroll labelled DUSEBO ORUTT for 26 gold pieces
  3334 | D:5      | Entered Level 5 of the Dungeon
  3407 | D:5      | Reached skill level 6 in Fighting
  3454 | D:5      | Reached XP level 7. HP: 64/75 MP: 0/10
  3499 | D:5      | Noticed a two-headed ogre
  3505 | D:5      | Noticed Menkaure
  3602 | D:5      | Killed Menkaure
  3602 | D:5      | Reached * piety under Okawaru
  3603 | D:5      | Reached skill level 5 in Throwing
  3694 | D:5      | Noticed Pikel
  3700 | D:5      | Found a sand-covered staircase.
  3703 | D:5      | Killed Pikel
  3703 | D:5      | Reached ** piety under Okawaru
  3704 | D:5      | Reached skill level 8 in Fighting
  3704 | D:5      | Reached XP level 8. HP: 40/88 MP: 11/11
  3719 | Ossuary  | Entered an ossuary
  3935 | Ossuary  | Reached skill level 1 in Invocations
  4093 | Ossuary  | Reached skill level 5 in Staves
  4267 | D:5      | a two-headed ogre changed into a skyshark
  4267 | D:5      | Noticed a skyshark
  4273 | D:5      | Killed a skyshark
  4273 | D:5      | Reached *** piety under Okawaru
  4274 | D:5      | Reached skill level 9 in Fighting
  4274 | D:5      | Reached XP level 9. HP: 6/98 MP: 10/12
  4560 | D:5      | Found a radiant altar of Vehumet.
  4915 | D:6      | Identified the +3 leather armour "Medihui Satu" {rElec
                  | Will- Dex+4}
  4985 | D:6      | Reached skill level 1 in Maces & Flails
  5084 | D:6      | Found a runed translucent door.
  5091 | D:6      | Noticed yey's ghost (novice GnWr)
  5465 | D:6      | Reached skill level 10 in Fighting
  5513 | D:6      | Got Sif Muna's Elucidation of the Combative Wendigo
  5583 | D:6      | Found an ancient bone altar of Kikubaaqudgha.
  5587 | D:6      | Found a broken altar of Ashenzari.
  5791 | D:6      | Killed yey's ghost
  5877 | D:4      | Bought a coppery potion for 23 gold pieces
  5877 | D:4      | Bought a scroll labelled JOETTOXAEF for 26 gold pieces
  5989 | D:7      | Found Vuid's Book Shop.
  6002 | D:7      | Found Nofaomue's Book Shop.
  6027 | D:7      | Found Koibak's Distillery.
  6046 | D:7      | Reached XP level 10. HP: 108/111 MP: 10/13
  6155 | D:7      | Found Eshon's Distillery.
  6165 | D:7      | Bought a potion of heal wounds for 75 gold pieces
  6276 | D:7      | Found Vuhatoto's Weapon Emporium.
  6332 | D:7      | Reached **** piety under Okawaru
  6360 | D:7      | Noticed a catoblepas
  6374 | D:7      | Identified the amulet of Worhar {Acrobat Dex+2 SInv}
  6380 | D:7      | Killed a catoblepas
  6381 | D:7      | Reached skill level 11 in Fighting
  6396 | D:7      | Reached skill level 5 in Maces & Flails
  7158 | D:8      | Reached skill level 1 in Dodging
  7511 | D:8      | Noticed a death yak
  7515 | D:8      | Reached skill level 1 in Armour
  7524 | D:8      | Reached skill level 12 in Fighting
  7524 | D:8      | Reached skill level 5 in Invocations
  7532 | D:8      | Reached XP level 11. HP: 99/123 MP: 7/14
  7538 | D:8      | Killed a death yak
  7540 | D:8      | Reached ***** piety under Okawaru
  7760 | D:9      | Found Zunajeos's Jewellery Boutique.
  7761 | D:9      | Noticed a two-headed ogre
  7770 | D:9      | Killed a two-headed ogre
  7816 | D:9      | Found Qengeky's Changing Room.
  7994 | D:9      | Found a shimmering altar of Xom.
  8044 | D:9      | Found a staircase to the Orcish Mines.
  8062 | D:9      | Found a shimmering blue altar of Sif Muna.
  8133 | D:9      | Bought a wand of polymorph (3) for 58 gold pieces
  8408 | D:10     | Entered Level 10 of the Dungeon
  8496 | D:10     | Identified the +4 sling "Riniezuz" {flame, rPois Will+
                  | rCorr}
  8562 | D:10     | Noticed an entropy weaver
  8562 | D:10     | an entropy weaver changed into a human
  8562 | D:10     | Noticed an orc knight
  8562 | D:10     | Noticed a catoblepas
  8563 | D:10     | Noticed a purple ugly thing
  8564 | D:10     | Noticed a green ugly thing
  8565 | D:10     | Noticed a cyclops
  8565 | D:10     | Noticed a cyclops
  8565 | D:10     | Noticed a deep elf pyromancer
  8567 | D:10     | Noticed a seven-headed hydra
  8624 | D:10     | Found an opulent altar of Gozag.
  9208 | D:11     | Noticed a hell knight
  9217 | D:11     | Killed a hell knight
  9231 | D:11     | Noticed a hell knight
  9235 | D:11     | Noticed a hell knight
  9238 | D:11     | Noticed a hell knight
  9251 | D:11     | Noticed a hell knight
  9252 | D:11     | Noticed a hell knight
  9253 | D:11     | Killed a hell knight
  9488 | D:11     | Noticed a hell knight
  9501 | D:11     | Reached skill level 10 in Throwing
  9504 | D:11     | Killed a hell knight
  9505 | D:11     | Reached skill level 13 in Fighting
  9509 | D:11     | Noticed a hell knight
  9517 | D:11     | Killed a hell knight
  9517 | D:11     | Received a gift from Okawaru
  9518 | D:11     | Reached XP level 12. HP: 120/136 MP: 17/17
  9523 | D:11     | Killed a hell knight
  9526 | D:11     | Killed a hell knight
  9538 | D:11     | Killed a hell knight
  9546 | D:11     | Killed a hell knight
  9553 | D:11     | Noticed a hell knight
  9562 | D:11     | Killed a hell knight
  9638 | D:11     | Noticed a hell knight
  9658 | D:11     | Killed a hell knight
  9751 | D:11     | Noticed a boulder beetle
  9767 | D:11     | Killed a boulder beetle
  9907 | D:11     | Found a staircase to the Lair.
 10278 | D:11     | Received a gift from Okawaru
 10293 | Lair:1   | Entered Level 1 of the Lair of Beasts
 10302 | Lair:1   | Reached skill level 5 in Armour
 10305 | Lair:1   | Reached skill level 5 in Dodging
 10502 | Lair:1   | Reached skill level 14 in Fighting
 10647 | Lair:1   | Reached XP level 13. HP: 125/146 MP: 19/19
 11100 | Lair:2   | You fall into a shaft and drop 1 floor!
 11107 | Lair:3   | Reached ****** piety under Okawaru
 11107 | Lair:3   | Received a gift from Okawaru
 11150 | Lair:3   | Acquired a +3 great mace of holy wrath
 11150 | Lair:3   | Received a gift from Okawaru
 11151 | Lair:3   | Acquired the +1 shadow dragon scales of Pumirr {Rampage rF+
                  | Int+2 Stlth++++}
 11151 | Lair:3   | Received a gift from Okawaru
 11236 | Lair:3   | Found a staircase to the Snake Pit.
 11378 | Lair:3   | Found a staircase to the Swamp.
 11472 | Lair:3   | Received a gift from Okawaru
 11515 | Lair:3   | Found a dark tunnel.
 11528 | Volcano  | Entered a volcano
 11725 | Volcano  | Noticed a red draconian
 11742 | Volcano  | Killed a red draconian
 11744 | Volcano  | Received a gift from Okawaru
 11771 | Volcano  | Found a bloodstained altar of Trog.
 11778 | Volcano  | Reached skill level 15 in Fighting
 11804 | Volcano  | Found a bloodstained altar of Trog.
 12288 | Lair:3   | Reached skill level 10 in Invocations
 12385 | Lair:4   | Reached XP level 14. HP: 155/159 MP: 21/21
 12673 | Lair:4   | Found a viscous altar of Jiyva.
 12675 | Lair:4   | Found a staircase to the Slime Pits.
 12842 | Lair:4   | Noticed Rupert
 12862 | Lair:4   | Received a gift from Okawaru
 12914 | Lair:5   | Entered Level 5 of the Lair of Beasts
 13159 | Lair:5   | Reached skill level 10 in Maces & Flails
 13253 | Lair:5   | Received a gift from Okawaru
 13562 | Lair:5   | Received a gift from Okawaru
 13567 | Lair:5   | Reached skill level 16 in Fighting
 13788 | Lair:5   | Reached XP level 15. HP: 121/170 MP: 23/23
 13846 | Lair:5   | Got an earthy gem with 1008 turns to spare
 14155 | Lair:4   | Killed Rupert
 15708 | D:12     | Received a gift from Okawaru
 15890 | D:12     | Found a glowing golden altar of the Shining One.
 16039 | D:12     | Noticed Frances
 16051 | D:12     | Killed Frances
 16124 | D:12     | Got the Grimoire of Deathly Phantasms
 16491 | D:13     | Identified the +6 flail of Lastrow {antimagic, *Slow rC+
                  | Str+5 Dex+4}
 17211 | D:14     | Received a gift from Okawaru
 17223 | D:14     | Found a gate to the Vaults.
 17299 | D:14     | Reached skill level 17 in Fighting
 17426 | D:14     | Found a gate leading to a gauntlet.
 17443 | Gauntlet | Entered a Gauntlet
 17443 | Gauntlet | Found a transporter.
 17443 | Gauntlet | Found a transporter.
 17444 | Gauntlet | Found a transporter.
 17444 | Gauntlet | Found a transporter.
 17447 | Gauntlet | Found a transporter.
 17447 | Gauntlet | Found a transporter.
 17459 | Gauntlet | Found a transporter.
 17463 | Gauntlet | Found a transporter.
 17478 | Gauntlet | Found a transporter.
 17585 | Gauntlet | Found a transporter.
 17589 | Gauntlet | Found a transporter.
 17604 | Gauntlet | Found a transporter.
 17688 | Gauntlet | Got the Compendium of Phlogiston
 17847 | Gauntlet | Identified the ring "Ulelyn" {Fly Dex+3 Stlth+}
 17879 | Gauntlet | Identified the +1 glaive "Diceafetz" {antimagic, Int+2
                  | Dex+3}
 17879 | Gauntlet | Identified the +6 chain mail of Suapp {-Tele MP+9 Stlth+}
 17923 | Gauntlet | Got the Compilation of Blinking Transfiguration
 18413 | D:15     | Entered Level 15 of the Dungeon
 18413 | D:15     | Noticed Jorgrun
 18423 | D:15     | Killed Jorgrun
 18627 | D:15     | Found a shimmering altar of Xom.
 19270 | D:15     | Received a gift from Okawaru
 19311 | D:15     | Found a staircase to the Depths.
 19326 | D:15     | Reached XP level 16. HP: 185/185 MP: 25/25
 20083 | D:10     | Reached skill level 10 in Armour
 20112 | D:10     | Reached skill level 18 in Fighting
 20145 | D:10     | Learned a level 2 spell: Blink
 20147 | D:10     | Learned a level 1 spell: Apportation
 20152 | D:10     | Learned a level 4 spell: Vhi's Electric Charge
 20303 | Orc:1    | Entered Level 1 of the Orcish Mines
 20303 | Orc:1    | Found Arush's Antique Weapon Shop.
 20461 | Orc:2    | Entered Level 2 of the Orcish Mines
 20498 | Orc:2    | Reached skill level 1 in Translocations
 20646 | Orc:2    | Found Waifru's Assorted Antiques.
 20695 | Orc:2    | Received a gift from Okawaru
 20975 | Orc:2    | Found Nemuemoj's Weapon Boutique.
 20989 | Orc:2    | Found Obuex's Antique Armour Boutique.
 20991 | Orc:2    | Found Ninyze's Assorted Antiques.
 21090 | Orc:2    | Bought 2 potions of heal wounds for 320 gold pieces
 21228 | Orc:2    | Found Ilimouz's Distillery.
 21262 | Orc:2    | Bought a potion of heal wounds for 60 gold pieces
 21262 | Orc:2    | Bought a potion of curing for 36 gold pieces
 21324 | Orc:2    | Found a staircase to the Elven Halls.
 21574 | Orc:2    | Noticed Urug
 21578 | Orc:2    | Killed Urug
 21878 | Orc:1    | Found the +6 shillelagh "Devastator" {shatter}
 22324 | Swamp:1  | Entered Level 1 of the Swamp
 22341 | Swamp:1  | Received a gift from Okawaru
 22715 | Swamp:1  | Identified the +2 robe of the Catamount {Int+4 Archmagi}
 22788 | Swamp:1  | Identified the +7 long sword of Xejezodo {antimagic, rCorr}
 23023 | Swamp:2  | Received a gift from Okawaru
 23024 | Swamp:2  | Reached skill level 5 in Translocations
 23205 | Swamp:3  | Reached XP level 17. HP: 75/196 MP: 21/26
 23587 | Swamp:3  | Identified a scroll of acquirement
 23588 | Swamp:3  | Acquired the +0 kite shield "Toeti" {rF+ rN+ Regen+ Slay+6}
 23620 | Swamp:3  | Reached skill level 1 in Shields
 23783 | Swamp:4  | Entered Level 4 of the Swamp
 23796 | Swamp:4  | Received a gift from Okawaru
 23832 | Swamp:4  | Reached skill level 5 in Shields
 23890 | Swamp:4  | Got a mossy gem with 237 turns to spare
 23892 | Swamp:4  | Got a decaying rune of Zot
 23935 | Swamp:4  | Noticed Mlioglotl
 23936 | Arena    | Entered the Arena
 23939 | Arena    | Noticed a tentacled starspawn
 23944 | Arena    | Killed Mlioglotl
 23945 | Arena    | Reached skill level 19 in Fighting
 24425 | Swamp:3  | Received a gift from Okawaru
 24883 | Snake:1  | Entered Level 1 of the Snake Pit
 25377 | Snake:2  | Received a gift from Okawaru
 25418 | Snake:3  | Reached XP level 18. HP: 177/208 MP: 2/27
 25641 | Snake:3  | Found Alugahe's Weapon Emporium.
 25841 | Snake:3  | Found a flickering gateway to a bazaar.
 25847 | Bazaar   | Entered a bazaar
 25847 | Bazaar   | Found Pelebohe's Antique Weapon Shoppe.
 25847 | Bazaar   | Found Qiucolyb's Antique Armour Shoppe.
 25848 | Bazaar   | Found Ilusoej's Antique Armour Emporium.
 25848 | Bazaar   | Found Luthrose's General Store.
 25908 | Snake:4  | Entered Level 4 of the Snake Pit
 26097 | Snake:4  | Received a gift from Okawaru
 26247 | Snake:4  | Noticed a quicksilver dragon
 26250 | Snake:4  | Reached skill level 15 in Throwing
 26260 | Snake:4  | Killed a quicksilver dragon
 26279 | Snake:4  | Got a jade gem with 1134 turns to spare
 26313 | Snake:4  | Got a serpentine rune of Zot
 26582 | Snake:4  | Received a gift from Okawaru
 26608 | Snake:4  | Found Vaqouh's Book Boutique.
 26608 | Snake:4  | Found Quaraus's Jewellery Shoppe.
 26641 | Snake:4  | Found Vonid's Jewellery Shoppe.
 26921 | Snake:3  | Reached skill level 20 in Fighting
 27097 | Snake:3  | Found Zeri's Weapon Boutique.
 27207 | Snake:3  | Learned a level 2 spell: Lesser Beckoning
 27571 | Snake:3  | Found Rattirgh's Book Boutique.
 27585 | Snake:3  | Bought a book of the Warp for 714 gold pieces
 27590 | Snake:3  | Learned a level 4 spell: Manifold Assault
 27730 | Snake:2  | Received a gift from Okawaru
 27731 | Snake:2  | Reached skill level 1 in Air Magic
 27837 | Snake:2  | Reached XP level 19. HP: 212/219 MP: 20/28
 28723 | Snake:1  | Found a runed translucent gate.
 28723 | Snake:1  | Found a runed translucent gate.
 28723 | Snake:1  | Found a runed translucent gate.
 28726 | Snake:1  | Found an opulent altar of Gozag.
 28729 | Snake:1  | Noticed Gypaemig's ghost (journeyman VSCj)
 28748 | Snake:1  | Killed Gypaemig's ghost
 29076 | D:11     | Noticed Josephine
 29081 | D:11     | Killed Josephine
 29166 | Depths:1 | Entered Level 1 of the Depths
 29226 | Depths:1 | Found a one-way gate leading to the halls of Pandemonium.
 29278 | Depths:1 | Found a one-way gate to the infinite horrors of the Abyss.
 29371 | Depths:1 | Received a gift from Okawaru
 29479 | Depths:1 | Found a gateway to Hell.
 29527 | Depths:1 | Found an ornate altar of the Wu Jian Council.
 29593 | Depths:2 | Found a one-way gateway to a ziggurat.
 29605 | Depths:2 | Noticed a juggernaut
 29623 | Depths:2 | Killed a juggernaut
 29634 | Depths:2 | Received a gift from Okawaru
 29653 | Depths:2 | Noticed Norris
 29838 | Depths:2 | Noticed a tentacled monstrosity
 29846 | Depths:2 | Killed a tentacled monstrosity
 29849 | Depths:2 | Received a gift from Okawaru
 29849 | Depths:2 | Noticed a caustic shrike
 29855 | Depths:2 | Killed a caustic shrike
 29912 | Arena    | Entered the Arena
 29930 | Depths:2 | Noticed a caustic shrike
 29940 | Depths:2 | Killed a caustic shrike
 29946 | Depths:2 | Reached XP level 20. HP: 127/231 MP: 23/29
 29958 | Depths:2 | Gained mutation: Your magical capacity is low. (-10% MP) [a
                  | shining eye]
 30047 | Depths:2 | Killed Norris
 30080 | Depths:2 | You are sucked into a shaft and drop 2 floors!
 30080 | Depths:4 | Entered Level 4 of the Depths
 30157 | Depths:3 | Noticed Mennas
 30279 | Depths:4 | Reached skill level 21 in Fighting
 30521 | Depths:4 | Received a gift from Okawaru
 30754 | Depths:4 | Found a gate to the Realm of Zot.
 30763 | Depths:4 | Noticed a bone dragon
 30803 | Depths:4 | Reached skill level 5 in Air Magic
 30809 | Depths:4 | Killed a bone dragon
 30832 | Depths:4 | Got a midnight gem with 1524 turns to spare
 30841 | Depths:4 | Identified the +2 short sword of the Dwarven Hall {flame,
                  | Will+ Str+3}
 30968 | Depths:4 | Reached skill level 15 in Maces & Flails
 31325 | Depths:3 | Received a gift from Okawaru
 31392 | Depths:3 | Killed Mennas
 32009 | Depths:3 | Reached skill level 10 in Translocations
 32048 | Depths:3 | Received a gift from Okawaru
 32390 | Depths:2 | Identified the ring "Xypsin" {*Corrode rElec rN+ Dex+6}
 32502 | Depths:2 | Found Tiotoxzikhlo's Distillery.
 32505 | Depths:2 | Bought a potion of curing for 57 gold pieces
 32505 | Depths:2 | Bought a potion of haste for 190 gold pieces
 32505 | Depths:2 | Bought a potion of haste for 190 gold pieces
 32505 | Depths:2 | Bought a potion of haste for 190 gold pieces
 32536 | Depths:2 | Reached XP level 21. HP: 243/243 MP: 27/27
 33021 | Elf:1    | Entered Level 1 of the Elven Halls
 33121 | Elf:3    | Entered Level 3 of the Elven Halls
 33121 | Elf:3    | Found Wapreor's Assorted Antiques.
 33122 | Elf:3    | Found Liask's Armour Shop.
 33124 | Elf:3    | Paralysed by an air elemental for 1 turns
 33150 | Elf:3    | Bought the +11 gold dragon scales "Dasur" {rElec rPois rF+
                  | rC+ Str-4 Stlth+} for 1283 gold pieces
 33211 | Elf:3    | Found Tuyziyro's Antique Armour Shop.
 33362 | Elf:3    | Found Kaugh's Distillery.
 33366 | Elf:3    | Bought a potion of heal wounds for 50 gold pieces
 33366 | Elf:3    | Bought a potion of curing for 30 gold pieces
 33366 | Elf:3    | Bought 2 potions of curing for 60 gold pieces
 33366 | Elf:3    | Bought a potion of curing for 30 gold pieces
 33447 | Elf:3    | Received a gift from Okawaru
 33485 | Elf:3    | Reached skill level 10 in Shields
 33594 | Elf:3    | Identified the +2 great sword of Gozag's Condemnation
                  | {freeze, rElec Str+4 Int+2}
 33611 | Elf:3    | Reached skill level 22 in Fighting
 33627 | Elf:3    | Identified the staff of Instant Death {rPois SInv Hexes
                  | Summ Alchemy}
 33633 | Elf:3    | Got a shimmering gem with 1260 turns to spare
 33646 | Elf:3    | Identified the +7 short sword of Painful Death {flame,
                  | rElec Str+3}
 33752 | Elf:3    | Received a gift from Okawaru
 33765 | Elf:3    | Identified the +5 sling of Zofihez {flame, +Blink rC+
                  | Str+4}
 33771 | Elf:3    | Identified the +2 arbalest of the Enchanted Forest {penet,
                  | rCorr Str-5 Dex+3}
 33772 | Elf:3    | Identified the amulet "Dyzoxku" {Faith rPois}
 33773 | Elf:3    | Identified the ring "Naowiog" {*Corrode rPois rC+ Str+3}
 33950 | Elf:3    | Found Ajiulaer's Weapon Boutique.
 34164 | Elf:3    | Bought the +1 cloak of Starlight {*Dazzle EV+4 Stlth--} for
                  | 1189 gold pieces
 34164 | Elf:3    | Found the +1 cloak of Starlight {*Dazzle EV+4 Stlth--}
 34190 | Elf:2    | Found Foiffy's Fabulous Fripperies.
 34410 | Elf:2    | Found Paepasyl's Antique Armour Emporium.
 34443 | Elf:2    | Found a runed translucent gate.
 34444 | Elf:2    | Found a runed translucent gate.
 34444 | Elf:2    | Found a runed translucent gate.
 34544 | Elf:2    | Found a large runed translucent door.
 34544 | Elf:2    | Found a large runed translucent door.
 34546 | Elf:2    | Noticed Hihelu's ghost (adept MiBe)
 34579 | Elf:2    | Killed Hihelu's ghost
 34803 | Elf:2    | Received a gift from Okawaru
 35120 | Elf:1    | Reached XP level 22. HP: 257/257 MP: 25/27
 35210 | Elf:1    | Found Aliulef's Jewellery Shoppe.
 35516 | Elf:1    | Reached XP level 23. HP: 266/266 MP: 28/28
 36086 | Vaults:1 | Entered Level 1 of the Vaults
 36125 | Vaults:1 | Found Iddur's Book Emporium.
 36419 | Vaults:2 | Found Sineat's Book Shoppe.
 36563 | Vaults:2 | Found a staircase to the Crypt.
 36563 | Vaults:2 | Found a basalt altar of Yredelemnul.
 36587 | Vaults:2 | Found an ancient bone altar of Kikubaaqudgha.
 36688 | Vaults:3 | Received a gift from Okawaru
 36718 | Vaults:3 | Identified the +4 arbalest of Bomirgho {penet, ^Fragile
                  | rPois Dex+2}
 36862 | Vaults:4 | Reached skill level 23 in Fighting
 37207 | Vaults:5 | Entered Level 5 of the Vaults
 37216 | Vaults:5 | Received a gift from Okawaru
 37221 | Vaults:5 | Reached skill level 15 in Armour
 37267 | Vaults:5 | Received a gift from Okawaru
 37277 | Vaults:5 | Noticed an ancient lich
 37283 | Vaults:5 | Killed an ancient lich
 37591 | Vaults:5 | Reached XP level 24. HP: 279/279 MP: 28/28
 37738 | Vaults:5 | Received a gift from Okawaru
 38130 | Vaults:5 | Reached skill level 24 in Fighting
 38130 | Vaults:5 | Found Xalihyth's Jewellery Shoppe.
 38230 | Vaults:5 | Received a gift from Okawaru
 38266 | Vaults:5 | Noticed Saint Roka
 38295 | Vaults:5 | Killed Saint Roka
 38356 | Vaults:5 | Found Gixisovo's Jewellery Boutique.
 38442 | Vaults:5 | Found Gaemneink's Jewellery Shop.
 38537 | Vaults:5 | Found Oneihew's Distillery.
 38548 | Vaults:5 | Bought a potion of heal wounds for 75 gold pieces
 38555 | Vaults:5 | Found Xeecef's Magic Scroll Shoppe.
 38559 | Vaults:5 | Bought a scroll of teleportation for 39 gold pieces
 38582 | Vaults:5 | Got a shining gem with 1616 turns to spare
 38584 | Vaults:5 | Got a silver rune of Zot
 38666 | Vaults:5 | Found Doeplih's Distillery.
 38941 | Vaults:5 | Bought the amulet of the Four Winds {rN+ Will+++ Clar} for
                  | 849 gold pieces
 38941 | Vaults:5 | Found the amulet of the Four Winds {rN+ Will+++ Clar}
 39519 | Elf:2    | Bought a manual of Fighting for 1360 gold pieces
 40014 | Vaults:1 | Received a gift from Okawaru
 41349 | Vaults:3 | Found Zibloguth's Weapon Emporium.
 41424 | Vaults:3 | Reached XP level 25. HP: 159/293 MP: 28/28
 41473 | Vaults:3 | Reached skill level 25 in Fighting
 41611 | Vaults:3 | Identified the +5 falchion of Intimidation {freeze, rN+
                  | Int-5 Dex+6}
 42209 | Vaults:4 | Received a gift from Okawaru
 43264 | Zot:1    | Entered Level 1 of the Realm of Zot
 44000 | Zot:1    | Noticed a Killer Klown
 44010 | Zot:1    | Reached skill level 26 in Fighting
 44041 | Zot:1    | Received a gift from Okawaru
 44055 | Zot:1    | Killed a Killer Klown
 44070 | Zot:1    | Noticed an orb of fire
 44076 | Zot:1    | Killed an orb of fire
 44243 | Zot:2    | Found a transporter.
 44243 | Zot:2    | Noticed Netemen's ghost (master GnFi)
 44247 | Zot:2    | Found a transporter.
 44251 | Zot:2    | Noticed an ancient lich
 44678 | Zot:2    | Received a gift from Okawaru
 44979 | Zot:2    | Reached XP level 26. HP: 150/312 MP: 28/28
 45394 | Zot:2    | Reached skill level 27 in Fighting
 45461 | Zot:2    | Got the Precepts of Virulence and the Tropics
 45604 | Zot:2    | Killed an ancient lich
 45631 | Zot:2    | Killed Netemen's ghost
 45642 | Zot:2    | Received a gift from Okawaru
 45681 | Zot:2    | Identified the ring of the Heavens {AC+4 Str+3}
 45685 | Zot:2    | Identified the ring of Modewuodd {rPois Dex+2}
 45689 | Zot:2    | Identified the +0 pair of gloves of Vefusude {Rampage rPois
                  | rF-}
 45946 | Zot:3    | Learned a level 3 spell: Swiftness
 46608 | Zot:3    | Reached skill level 15 in Shields
 46726 | Zot:3    | Received a gift from Okawaru
 47187 | Zot:4    | Received a gift from Okawaru
 47213 | Zot:4    | Noticed a Killer Klown
 47221 | Zot:4    | Killed a Killer Klown
 47345 | Zot:4    | Identified the +9 falchion of Imeufaceoc {venom, *Noise
                  | rCorr Str+5}
 47526 | Zot:4    | Received a gift from Okawaru
 47527 | Zot:4    | Reached XP level 27. HP: 276/323 MP: 23/28
 47912 | Zot:5    | Entered Level 5 of the Realm of Zot
 47913 | Zot:5    | Noticed Muataran's ghost (veteran MiMo)
 47913 | Zot:5    | Found a runed translucent gate.
 47913 | Zot:5    | Found a runed translucent gate.
 47913 | Zot:5    | Found a viscous altar of Jiyva.
 47913 | Zot:5    | Found a runed translucent gate.
 47914 | Zot:5    | Noticed an ancient lich
 48274 | Zot:5    | Received a gift from Okawaru
 48408 | Zot:5    | Killed an ancient lich
 48559 | Zot:5    | Noticed an orb of fire
 48567 | Zot:5    | Gained mutation: You are clumsy. (Dex -2) [an orb of fire]
 48570 | Zot:5    | Killed an orb of fire
 48603 | Zot:5    | Killed an orb of fire
 48603 | Zot:5    | Received a gift from Okawaru
 48635 | Zot:5    | Noticed an orb of fire
 48638 | Zot:5    | Gained mutation: You are dopey. (Int -2) [an orb of fire]
 48640 | Zot:5    | Gained mutation: You are occasionally teleported next to
                  | monsters. [an orb of fire]
 48649 | Zot:5    | Gained mutation: Your flesh is cold resistant. (rC+) [an
                  | orb of fire]
 48654 | Zot:5    | Killed an orb of fire
 48693 | Zot:5    | Noticed an ancient lich
 48698 | Zot:5    | Noticed an orb of fire
 48708 | Zot:5    | Noticed an orb of fire
 48711 | Zot:5    | Killed an ancient lich
 48716 | Zot:5    | Killed an orb of fire
 48717 | Zot:5    | Noticed an orb of fire
 48725 | Zot:5    | Gained mutation: Your health recovers twice as slowly from
                  | being drained. [an orb of fire]
 48732 | Zot:5    | Gained mutation: Your spells are a little easier to cast,
                  | but a little less powerful. [an orb of fire]
 48734 | Zot:5    | Gained mutation: You are frail. (-10% HP) [an orb of fire]
 48735 | Zot:5    | Killed an orb of fire
 48743 | Zot:5    | Killed an orb of fire
 48874 | Zot:5    | Lost mutation: Your magical capacity is low. (-10% MP)
                  | [potion of mutation]
 48874 | Zot:5    | Lost mutation: Your health recovers twice as slowly from
                  | being drained. [potion of mutation]
 48874 | Zot:5    | Lost mutation: You are occasionally teleported next to
                  | monsters. [potion of mutation]
 48874 | Zot:5    | Gained mutation: You are resistant to electric shocks.
                  | (rElec) [potion of mutation]
 48874 | Zot:5    | Gained mutation: You are partially covered in iridescent
                  | scales. (AC +2) [potion of mutation]
 48874 | Zot:5    | Gained mutation: You sometimes lose your temper in combat.
                  | [potion of mutation]
 48874 | Zot:5    | Gained mutation: You have a pair of horns on your head.
                  | [potion of mutation]
 48875 | Zot:5    | Lost mutation: Your spells are a little easier to cast, but
                  | a little less powerful. [potion of mutation]
 48875 | Zot:5    | Lost mutation: You are clumsy. (Dex -2) [potion of
                  | mutation]
 48875 | Zot:5    | Gained mutation: Your muscles are strong. (Str +4, Int/Dex
                  | -1) [potion of mutation]
 48875 | Zot:5    | Lost mutation: You are dopey. (Int -2) [potion of mutation]
 48875 | Zot:5    | Gained mutation: Your mind is acute. (Int +4, Str/Dex -1)
                  | [potion of mutation]
 48927 | Zot:5    | Received a gift from Okawaru
 49131 | Zot:5    | Lost mutation: Your mind is acute. (Int +4, Str/Dex -1)
                  | [potion of mutation]
 49131 | Zot:5    | Lost mutation: Your flesh is cold resistant. (rC+) [potion
                  | of mutation]
 49131 | Zot:5    | Gained mutation: You are strong-willed. (Will+) [potion of
                  | mutation]
 49132 | Zot:5    | Lost mutation: You have a pair of horns on your head.
                  | [potion of mutation]
 49132 | Zot:5    | Lost mutation: You are frail. (-10% HP) [potion of
                  | mutation]
 49132 | Zot:5    | Gained mutation: You are agile. (Dex +4, Str/Int -1)
                  | [potion of mutation]
 49154 | Zot:5    | Got the Orb of Zot
 49629 | D:9      | Noticed Mantu the pandemonium lord
 49678 | D:5      | Received a gift from Okawaru
 49894 | D:$      | Escaped with the Orb!

Illustrated notes

Levels and vault maps discovered:
D:1:      kennysheep_arrival_seaside, layout_loops_corners,
          dreamdust_ecumenical_altar_drowned_temple, serial_shops, shop,
          nicolae_shop_tiny_glass, shop, shop_fountains, due_unseen_surprise
D:2:      layout_basic
D:3:      layout_loops_ring, serial_shops, nicolae_shop_overgrown_old_shop,
          uniq_crazy_yiuf_cottage
D:4:      wander_river, layout_loops_ring, minmay_temple_entry_enclosed_plants,
          serial_shops, shop, nrook_uturn
D:5:      layout_loops_ring, old_standard_altar, gup_ossuary_entry_pyramid,
          uniq_pikel, uniq_menkaure
D:6:      layout_basic, minitemple, ebering_ghost_reflecting_pool
D:7:      nzn_winding_woodlands_cross [nzn_winding_woodlands_5x15_twine,
          nzn_winding_woodlands_5x15_sawtooth,
          nzn_winding_woodlands_5x15_pockets,
          nzn_winding_woodlands_5x15_default,
          nzn_winding_woodlands_15x15_eel_pit], layout_rooms, serial_shops,
          nicolae_lakefront_shop, shop, nicolae_shop_industrial_runoff,
          shop_fountains, shop, reono_crystal_passage, minivault_11,
          nicolae_water_bricks
D:8:      argonaut_augean_stables, layout_loops_ring, hangedman_misty_isle
D:9:      layout_rooms, lemuel_round_altar, mainiacjoe_overflow_alcove_4,
          orc_0_dummy, serial_shops, nicolae_shop_competitors_out_of_business,
          nicolae_transmutations_shop, serial_park_tiny_pond,
          serial_library_regret_index_small_wings
D:10:     layout_loops_ring, grunt_gozag_breadcrumbs, minivault_12
D:11:     layout_loops_cross, erik_lair_island, minmay_rotating_lava,
          uniq_josephine
D:12:     layout_irregular_city, tso_metal_star, uniq_frances
D:13:     layout_roguey
D:14:     layout_irregular_city, david_vaults_2, gauntlet_entry_generic,
          hangedman_decor_riveting
D:15:     hangedman_depths_entry_try_elsewhere_first, layout_loops_ring,
          serial_park_square1 [serial_park_minivault_5x5_8],
          xom_confusion_cloud, uniq_jorgrun
Temple:   eino_temple_scatter_basement
Lair:1:   layout_chaotic_city, infiniplex_staircase_pool_2
Lair:2:   layout_roguey, serial_rivers, chequers_serial_rivers_small_a,
          chequers_serial_rivers_micro_e, chequers_serial_rivers_small_3,
          chequers_serial_rivers_large_a, chequers_serial_rivers_small_b,
          chequers_serial_rivers_marsh, serial_bayou_shore_a
Lair:3:   layout_regular_city, mainiacjoe_swamp_entry_lozenge_pond,
          dummy_snake_entry, enter_volcano_2, lemuel_fruit_fields
Lair:4:   layout_regular_city, slime_entry_2, uniq_rupert
Lair:5:   minmay_lair_end_frog_pond, layout_hall_layers
Swamp:1:  layout_basic_swamp, nicolae_swamp_dense_foliage,
          nicolae_swamp_dragon_and_kin
Swamp:2:  layout_basic_swamp, nicolae_swamp_reclaimed_castle, swamp_pool_3,
          grunt_hermit_hut, infiniplex_staircase_pool
Swamp:3:  layout_falls_marsh, serial_swamp_ruin, evilmike_swamp_ruin_rubble_2,
          evilmike_swamp_ruin_house_6, hangedman_swamp_ruin_wall
Swamp:4:  swamp_alternative, layout_basic_swamp, uniq_mlioglotl
Snake:1:  layout_grid_shapes, ebering_ghost_gozag
Snake:2:  layout_chambers, nicolae_snake_salamander_fort, grunt_megastairs_3
Snake:3:  nicolae_snakescales, layout_chambers, serial_shops, bzr_entry_safe,
          nicolae_shop_tiny_glass, nicolae_shop_bloodbath_and_beyond,
          nicolae_square_shop
Snake:4:  hellmonk_snake_rune_quicksilver_temple, layout_gridlike,
          minmay_shop_grove
Orc:1:    layout_caves, serial_shops, nicolae_shop_overgrown_old_shop,
          nicolae_orc_sculptors_studio
Orc:2:    st_orc_elflike, layout_caves, basic_altar, serial_shops,
          nicolae_shop_industrial_runoff, uniq_urug
Elf:1:    layout_geoelf_grid, serial_shops, shop, nicolae_elf_shapeshifter_party
Elf:2:    nicolae_elf_blades_crystal_corner, layout_loops_ring, serial_shops,
          nicolae_shop_tiny_real_fake_doors, ebering_ghost_disaster_area,
          nicolae_alphabet_shops
Elf:3:    elf_hall_gauntlet_wide, layout_gridlike, serial_shops,
          nicolae_shop_crystal, shop, shop, nicolae_shop_tiny_real_fake_doors,
          shop, nicolae_concentric_dashed_squares_wild, feat_on_display
Vaults:1: nicolae_vaults_specimen_jars, nicolae_vaults_house_2,
          nicolae_vaults_ninety_degrees, nicolae_vaults_diamond_2, v_misc_27,
          serial_library_hellmonk_open_square,
          vaults_standard_mumra_enter_the_diamond, vaults_room_hallway,
          nicolae_vaults_double_plus_1, ontoclasm_vaults_hangar,
          vaults_room_ringed_pool, layout_vaults_omnigrid, serial_shops, shop
Vaults:2: v_misc_13, vaults_room_fours, nicolae_vaults_asterisk,
          nicolae_vaults_frosty_reception, grunt_vaults_swirl,
          nicolae_vaults_tetromino_T_2, minmay_crypt_entry_necro_gods,
          serial_library_hellmonk_reading_circle, v_misc_25,
          nicolae_vaults_trapezoid_1, vaults_dpeg_ring,
          grunt_vaults_hallway_long, vaults_room_stairs_pillars,
          hangedman_vaults_slice, layout_vaults_big_cross, serial_shops, shop
Vaults:3: nicolae_vaults_theta, nicolae_vaults_network_barrier,
          nicolae_vaults_theta, vaults_room_glass_cross,
          nicolae_vaults_storage_room_doors, nicolae_vaults_weapon_check,
          hangedman_vaults_stretched_pinwheel, v_misc_10,
          nicolae_vaults_little_squares_4, nicolae_vaults_house_1,
          hangedman_vaults_river_flow, vaults_room_semicircle,
          layout_vaults_maze_bifur, serial_shops, shop
Vaults:4: v_misc_25, v_misc_17, vaults_room_large_hall, nicolae_vaults_big_ls,
          nicolae_vaults_gold_heap, nicolae_vaults_sealed_display,
          grunt_vaults_funnel, v_misc_13, nicolae_vaults_network_s,
          hangedman_vaults_stretched_pinwheel,
          nicolae_vaults_doubleplus_tesselated, v_misc_23, layout_vaults_omnibox
Vaults:5: uniq_saint_roka
Depths:1: layout_big_octagon, chequers_serial_rivers_small_3, pf_coc_iceberg,
          hangedman_abyss_entry_splay, rand_demon_pan_entry_5,
          nzn_wu_jian_contemplation
Depths:2: nicolae_fronds_of_death, layout_cave_pools, enter_ziggurat_c,
          hell_entry, serial_shops, nicolae_shop_behind_doors,
          kennysheep_cross_bottleneck, pan_entry,
          nicolae_abyss_entry_one_way_or_another, uniq_norris
Depths:3: hellmonk_ruined_rings, layout_gridlike, hell_entry,
          minmay_room_of_horrors, kennysheep_decorative_pillar,
          rand_demon_pan_entry_7, uniq_mennas
Depths:4: evilmike_zot_entry_round, layout_cave_pools, grunt_mini_vestibule,
          pan_entry, chequers_serial_rivers_micro_a, grunt_megastairs_1
Zot:1:    grunt_zot_stairs_mandelzot, layout_gridlike
Zot:2:    kennysheep_oblong_rooms, layout_onion, gammafunk_ghost_mausoleum
Zot:3:    lemuel_acid_trip, layout_concentric_octagons
Zot:4:    layout_misc_corridors, regret_index_zotdec_silver_v_v_orig_slice
Zot:5:    layout_gridlike, gammafunk_ghost_ooze

Skill      XL: |  1  2  3  4  5  6  7  8  9 10 11 12 13 14 15 16 17 18 19 20 21 22 23 24 25 26 27 |
---------------+----------------------------------------------------------------------------------+-----
Fighting       | 3 4 5 6 8 9 10 12 13 14 15 16 17 18 19 20 21 22 23 24 26 27 | 27.0
Throwing       | 3 4 6 8 9 10 11 12 13 14 15 16 17 18 19 20 22 | 22.1
Spellcasting   | 1 2 3 4 |  4.0
Staves         | 1 2 4 5 |  5.6
Invocations    | 3 5 7 8 10 11 12 | 12.0
Maces & Flails | 3 5 7 8 9 10 11 12 13 14 15 17 19 20 21 22 | 22.7
Dodging        | 1 4 5 6 7 |  7.5
Armour         | 1 4 5 6 8 9 10 11 12 13 14 15 16 17 18 19 | 19.3
Stealth        | 4 |  4.0
Translocations | 5 6 8 9 10 | 10.1
Shields        | 6 7 8 9 11 12 13 14 15 17 | 17.2
Air Magic      | 1 4 5 6 |  6.1
Short Blades   | |  1.7

Action                     |  1- 3 |  4- 6 |  7- 9 | 10-12 | 13-15 | 16-18 | 19-21 | 22-24 | 25-27 || total
---------------------------+-------+-------+-------+-------+-------+-------+-------+-------+-------++-------
  Melee: Dagger            |    74 |    13 |       |       |       |       |       |       |       ||    87
         Headbutt          |     8 |    10 |    38 |    66 |   186 |   183 |   294 |   309 |   422 ||  1516
         Quarterstaff      |       |    55 |   173 |   209 |       |       |       |       |       ||   437
         Demon whip        |       |       |       |   117 |   702 |   758 |   926 |   855 |  1155 ||  4513
         Punch             |       |       |       |     1 |    10 |       |       |       |       ||    11
         Shillelagh        |       |       |       |       |       |    14 |       |       |       ||    14
  Throw: Dart              |    35 |    62 |    33 |    35 |   121 |     2 |    13 |    12 |    13 ||   326
         Stone             |       |     7 |    18 |       |    95 |       |    11 |       |       ||   131
         Boomerang         |       |       |    25 |   255 |   138 |   298 |    98 |    30 |   115 ||   959
         Javelin           |       |       |     5 |     7 |    14 |    25 |    54 |    35 |   106 ||   246
         Throwing net      |       |       |       |     1 |     1 |       |       |       |       ||     2
         Large rock        |       |       |       |       |    19 |   110 |   217 |   142 |   437 ||   925
   Cast: Sting             |       |    27 |     1 |     1 |       |       |       |       |       ||    29
         Blink             |       |       |       |       |       |     1 |       |       |       ||     1
         Apportation       |       |       |       |       |       |    16 |    16 |    50 |    22 ||   104
         Lesser Beckoning  |       |       |       |       |       |       |     3 |     4 |     1 ||     8
 Invoke: Heroism           |       |       |     5 |     9 |    11 |     8 |    13 |     2 |     6 ||    54
         Finesse           |       |       |       |     2 |     3 |     5 |     7 |     4 |     8 ||    29
         Receive Weapon    |       |       |       |       |     1 |       |       |       |       ||     1
         Receive Armour    |       |       |       |       |     1 |       |       |       |       ||     1
         Duel              |       |       |       |       |       |     1 |     1 |       |       ||     2
  Evoke: Wand              |       |       |     5 |    12 |    15 |     5 |     3 |       |     4 ||    44
         Tin of tremorston |       |       |       |       |     1 |     4 |     3 |       |       ||     8
         Lightning rod     |       |       |       |       |       |    10 |     2 |       |       ||    12
    Use: Potion            |       |     1 |       |     4 |       |     3 |     4 |     6 |    14 ||    32
         Scroll            |       |       |       |    15 |    18 |    13 |     2 |     1 |    10 ||    59
   Stab: Sleeping          |     2 |     4 |     1 |     1 |     7 |    17 |     8 |       |       ||    40
         Paralysed         |       |       |     2 |     2 |       |       |       |       |       ||     4
         Distracted        |       |       |       |     1 |       |     1 |     1 |       |       ||     3
         Held in net/web   |       |       |       |       |     2 |       |       |       |       ||     2
         Petrifying        |       |       |       |       |       |     1 |       |       |       ||     1
         Invisible         |       |       |       |       |       |       |       |    10 |     5 ||    15
 Armour: Robe              |    35 |    49 |   112 |    82 |       |       |       |       |       ||   278
         Steam dragon scal |       |       |       |    41 |       |       |       |       |       ||    41
         Acid dragon scale |       |       |       |    82 |    30 |       |       |       |       ||   112
         Shadow dragon sca |       |       |       |       |   330 |   486 |   374 |       |       ||  1190
         Gold dragon scale |       |       |       |       |       |       |   143 |   484 |   901 ||  1528
  Dodge: Dodged            |    21 |    26 |    74 |   138 |   165 |   193 |   164 |   137 |   234 ||  1152
  Block: Kite shield       |       |       |       |       |       |   164 |   283 |   245 |   420 ||  1112
